 Dungeon Crawl Stone Soup version 0.32-a0-471-gb91d5d9 (webtiles) character file.

Game seed: 8201061577679460470

145376 edsrzf the Warrior (level 17, -1/156 HPs)
             Began as a Coglin Gladiator on Feb 23, 2024.
             Was the Champion of Beogh.
             Killed from afar by a bog body (28 damage)
             ... with a bolt of cold
             ... on level 4 of the Swamp on Feb 25, 2024.
             The game lasted 01:44:47 (25268 turns).

edsrzf the Warrior (Coglin Gladiator)              Turns: 25268, Time: 01:44:47

Health: -1/156     AC: 24    Str: 25    XL:     17   Next: 42%
Magic:  14/22      EV: 14    Int: 17    God:    Beogh [******]
Gold:   1384       SH:  0    Dex: 17    Spells: 16/16 levels left

rFire   . . .        a - +7 long sword of Fiew {flame, rN+ Str+2}
rCold   + . .        b - +7 long sword "Loomec" {flame, Int+5}
rNeg    + . .        K - +2 chain mail {rC+}
rPois   .            Y - +2 helmet {Int+3}
rElec   .            f - scarf {harm}
rCorr   .            q - +1 pair of gloves of Conscience {Str+3}
SInv    .            X - +2 pair of boots {rampage}
Will    +....        E - amulet of regeneration Stlth
                     (ring unavailable)
HPRegen 1.26/turn    (ring unavailable)
MPRegen 0.18/turn

%: harm (+30% outgoing, +20% incoming), rampage
@: lethally poisoned (-1 -> -14)
A: walk on water, off-hand wielding, slow wielding, warmup strikes, no rings
a: Renounce Religion, Smiting, Recall Apostles, Blood for Blood, Dismiss
Boderik, warrior, Dismiss Geork, priest, Dismiss Borgk, priest


You were on level 4 of the Swamp.
You worshipped Beogh.
Beogh was exalted by your worship.
You visited 4 branches of the dungeon, and saw 26 of its levels.
You also visited: Gauntlet.

You collected 2762 gold pieces.
You spent 1378 gold pieces at shops.

Inventory:

Hand Weapons
 a - the +7 long sword of Fiew (weapon) {flame, rN+ Str+2}
   (You found it on level 1 of the Lair of Beasts)

   Str+2:     It affects your strength (+2).
   rN+:       It protects you from negative energy.
 b - the +7 long sword "Loomec" (offhand) {flame, Int+5}
   (You bought it in a shop on level 2 of the Orcish Mines)

   Int+5:     It affects your intelligence (+5).
Missiles
 n - 4 atropa-tipped darts
 w - 10 javelins
 x - 21 poisoned darts (quivered)
 y - 7 curare-tipped darts
 B - 12 silver javelins
 N - 4 throwing nets {=f}
Armour
 f - a scarf of harm (worn)
 q - the +1 pair of gloves of Conscience (worn) {Str+3}
   (You found it on level 5 of the Lair of Beasts)

   Str+3:     It affects your strength (+3).
 K - a +2 chain mail of cold resistance (worn)
 X - a +2 pair of boots of rampaging (worn)
 Y - a +2 helmet of intelligence (worn)
Jewellery
 E - an amulet of regeneration (around neck)
 U - the amulet of Vorep {Spirit Str+4}
   (You took it off a minotaur in a Gauntlet)

   [amulet of guardian spirit]

   Spirit:    It causes incoming damage to be divided between your reserves of
   health and magic.
   Str+4:     It affects your strength (+4).
Wands
 d - a wand of digging (6)
 m - a wand of iceblast (9)
 t - a wand of polymorph (29)
 G - a wand of flame (67)
 I - a wand of mindburst (7)
 J - a wand of charming (29)
 Z - a wand of quicksilver (9)
Scrolls
 e - a scroll of fear
 j - 3 scrolls of brand weapon
 k - a scroll of amnesia
 o - 11 scrolls of teleportation {@r3}
 r - a scroll of butterflies
 u - a scroll of poison
 v - 5 scrolls of vulnerability
 A - a scroll of fog
 D - 14 scrolls of identify {@r1}
 F - 5 scrolls of revelation
 O - a scroll of enchant armour
Potions
 c - 5 potions of might
 g - a potion of curing
 l - a potion of brilliance
 p - 3 potions of haste
 C - 6 potions of attraction
 L - 4 potions of mutation {!q}
 P - 2 potions of invisibility
 S - 3 potions of resistance
 W - 3 potions of cancellation
Miscellaneous
 h - a tin of tremorstones (2/2)
 H - a box of beasts (inert)
 M - a lightning rod (4/4)
 Q - a phial of floods
 V - a phantom mirror


   Skills:
 + Level 20.4 Fighting
 - Level 16.0 Long Blades
 - Level 1.7 Throwing
 + Level 12.3 Armour
 - Level 10.5 Dodging
 - Level 7.1 Invocations
 - Level 8.1 Evocations


You had 16 spell levels left.
You didn't know any spells.
Your spell library contained the following spells:

 Spells                   Type           Power      Damage    Failure   Level
 Freeze                   Ice            0%         1d3       65%         1
 Kiss of Death            Conj/Necr      0%         2d5       65%         1
 Slow                     Hex            0%         N/A       65%         1
 Sting                    Conj/Alch      0%         1d3       65%         1
 Call Imp                 Summ           0%         N/A       78%         2
 Cigotuvi's Dreadful Rot  Necr/Alch/Air  0%         N/A       78%         2
 Ensorcelled Hibernation  Hex/Ice        0%         N/A       78%         2
 Mercury Vapours          Alch/Air       0%         N/A       78%         2
 Sublimation of Blood     Necr           0%         N/A       78%         2
 Confusing Touch          Hex            0%         N/A       95%         3
 Frozen Ramparts          Ice            0%         1d1       95%         3
 Fugue of the Fallen      Necr           0%         N/A       95%         3
 Gell's Gravitas          Tloc           0%         N/A       95%         3
 Hailstorm                Conj/Ice       0%         3d5       95%         3
 Inner Flame              Hex/Fire       0%         N/A       95%         3
 Ozocubu's Armour         Ice            0%         N/A       95%         3
 Passwall                 Erth           0%         N/A       95%         3
 Sigil of Binding         Hex            0%         N/A       95%         3
 Summon Ice Beast         Ice/Summ       0%         N/A       95%         3
 Swiftness                Air            0%         N/A       95%         3
 Teleport Other           Tloc           0%         N/A       95%         3
 Tukima's Dance           Hex            0%         N/A       95%         3
 Vampiric Draining        Necr           0%         2d6       95%         3
 Animate Dead             Necr           0%         N/A       100%        4
 Brom's Barrelling Bould  Conj/Erth      0%         2d3       100%        4
 Dispel Undead            Necr           0%         3d6       100%        4
 Flame Wave               Conj/Fire      0%         2d4       100%        4
 Manifold Assault         Tloc           0%         N/A       100%        4
 Martyr's Knell           Necr/Summ      0%         N/A       100%        4
 Olgreb's Toxic Radiance  Alch           0%         N/A       100%        4
 Passage of Golubria      Tloc           0%         N/A       100%        4
 Sticky Flame             Fire/Alch      0%         2d4       100%        4
 Summon Blazeheart Golem  Fire/Summ      0%         N/A       100%        4
 Borgnjor's Vile Clutch   Necr/Erth      0%         N/A       100%        5
 Fireball                 Conj/Fire      0%         3d3       100%        5
 Iskenderun's Battlesphe  Conj           0%         2d6       100%        5
 Yara's Violent Unravell  Hex/Alch       0%         3d3       100%        5
 Conjure Ball Lightning   Conj/Air       0%         3x3d6     100%        6
 Death Channel            Necr           0%         N/A       100%        6
 Dispersal                Tloc           0%         N/A       100%        6
 Sculpt Simulacrum        Ice/Alch       0%         N/A       100%        6
 Orb of Destruction       Conj           0%         9d5       100%        7
 Spellforged Servitor     Conj/Summ      0%         N/A       100%        7
 Summon Hydra             Summ           0%         N/A       100%        7
 Disjunction              Tloc           0%         N/A       100%        8


Dungeon Overview and Level Annotations

Branches:
Dungeon (15/15)            Temple (0/1) D:6            Lair (5/5) D:10
  Swamp (4/4) Lair:3       Spider (0/4) Lair:2        Slime (0/5) Lair:4
    Orc (2/2) D:9             Elf (0/3) Orc:2        Vaults (0/5) D:14
 Depths (0/4) D:15        Gauntlet (visited)

Altars:
Cheibriados
Okawaru
Ru
Trog
Uskayaw
Yredelemnul
Beogh
Jiyva

Shops:
D:9 =   Orc:2 *!:(

Portals:
Pandemonium: Orc:2
Trove: D:10 (give 12 potions of heal wounds)

Annotations:
D:1 1 runed translucent door
D:9 2 transporters
D:15 3 runed translucent doors, Ray's ghost, adept CoBe
Swamp:4 Lernaean hydra


Innate Abilities, Weirdness & Mutations

You can walk on water.
Your facial features are unmistakably orcish.
You can wield a second weapon in your off-hand.
It takes a long time for you to wield or remove held weapons.
Your first few attacks do less damage.
Your grasper-arms cannot wear rings.


Message History

Aim: a spriggan, wielding a +0 spear, wearing a +0 leather armour and quivering stones (almost dead, 45% to hit)
You throw a poisoned dart. The poisoned dart misses the spriggan.
Throw: 26 darts (poison)
Press: ? - help, Q - select action, (/) - cycle Shift-Dir - straight line, f/p - spriggan
Aim: a spriggan, wielding a +0 spear, wearing a +0 leather armour and quivering stones (almost dead, 45% to hit)
You throw a poisoned dart. The poisoned dart hits the spriggan.
The spriggan is poisoned.
The spriggan is almost dead.
You kill the spriggan!
Beogh accepts your kill.
You start resting.
A spriggan rider is nearby!
Aiming: Smiting
Press: ? - help, Dir - move target, f - spriggan rider Smite: a spriggan rider, wielding a +0 quarterstaff (wandering, hasn't noticed you)
You smite the spriggan rider!!
The spriggan rider shouts!
The spriggan rider is moderately wounded.
Aiming: Smiting
Press: ? - help, Dir - move target, f/p - spriggan rider Smite: a spriggan rider, wielding a +0 quarterstaff (moderately wounded)
You smite the spriggan rider!!
You kill the hornet!
Beogh accepts your kill.
The spriggan falls from its now dead mount.
The spriggan is heavily wounded.
Unknown command.
Throw: 25 darts (poison)
Press: ? - help, Q - select action, (/) - cycle Shift-Dir - straight line, f/p - spriggan
Aim: a spriggan, wielding a +0 quarterstaff (heavily wounded, 45% to hit)
You throw a poisoned dart. The poisoned dart misses the spriggan.
You hear a splash.
A swamp drake comes into view.
Throw: 24 darts (poison)
Press: ? - help, Q - select action, (/) - cycle Shift-Dir - straight line, f/p - spriggan
Aim: a spriggan, wielding a +0 quarterstaff (heavily wounded, 45% to hit)
You throw a poisoned dart. The poisoned dart hits the spriggan.
The spriggan is poisoned.
The spriggan is heavily wounded.
You hear a splash.
The swamp drake roars!
Throw: 23 darts (poison)
Press: ? - help, Q - select action, (/) - cycle Shift-Dir - straight line, f/p - spriggan
Aim: a spriggan, wielding a +0 quarterstaff (heavily wounded, poisoned, 45% to hit)
You throw a poisoned dart.
The poisoned dart closely misses the spriggan.
Throw: 22 darts (poison)
Press: ? - help, Q - select action, (/) - cycle Shift-Dir - straight line, f/p - spriggan
Aim: a spriggan, wielding a +0 quarterstaff (heavily wounded, poisoned, 45% to hit)
You throw a poisoned dart. The poisoned dart hits the spriggan.
The spriggan is heavily wounded.
You hear a splash.
You closely miss the spriggan with the +7 long sword of Fiew.
The spriggan is heavily wounded.
You miss the spriggan with the +7 long sword "Loomec".
The spriggan barely misses you.
You closely miss the spriggan with the +7 long sword "Loomec".
The spriggan is heavily wounded.
You hit the spriggan with the +7 long sword of Fiew.
You burn the spriggan.
You slice the spriggan with the +7 long sword of Fiew!!
You burn the spriggan.
You kill the spriggan!
Beogh accepts your kill.
The swamp drake bites you but does no damage.
Things that are here:
12 gold pieces; a +0 quarterstaff; a spriggan corpse You slash the swamp drake with the +7 long sword of Fiew!
You burn the swamp drake.
The swamp drake is almost dead.
You slice the swamp drake with the +7 long sword "Loomec"!!
You burn the swamp drake.
You kill the swamp drake!
Beogh accepts your kill.
A swamp dragon comes into view.
The swamp dragon roars deafeningly!
You hear a roar!
The swamp dragon breathes poison at something.
You see here a swamp drake corpse.
An eight-headed hydra comes into view.
Things that are here:
12 gold pieces; a +0 quarterstaff; a spriggan corpse You now have 1384 gold pieces (gained 12).
The eight-headed hydra roars!
The swamp dragon breathes poison at you.
The blast of poison engulfs you.
You are poisoned.
You hear a shout!
You hear a roar!
You rampage towards the bog body!
A four-headed hydra comes into view.
You are engulfed in poison gas.
You are more poisoned.
* * * LOW HITPOINT WARNING * * *
You feel extremely sick.
The four-headed hydra roars!
The swamp dragon barely misses you. The swamp dragon claws you.
* * * LOW HITPOINT WARNING * * *
The swamp dragon tramples you but does no damage.
The bog body gestures at you while chanting.
The bolt of cold hits you!! You resist.
You die...

***********
*****~~~,,~,,~~
**,,,***,,*,,,,*
*,,,,,*,,,,~,,,, ♣♣♣♣
*,,,,,*,,,~,,~ß,
♣○☼♣♣#,,,,,*~,,~*,,,,
♣○☼○○##,,,,+,,,~*~,ß,
♣○☼☼@D####'#..,***,,,
♣♣○☼○n.°~!..~ß,,,,~,,
♣~~~○~D(ß.ßDß.~,*,~~,
♣.~~~~.~.....~,,,,,,,
*♣~~~~.#...?...,⌠*⌠..,
♣~~~~~....#t.##**###.#
♣♣.~~~~#~......,⌠#⌠.~.
♣.~~~.'.~...i~~,#....
♣.~~~~*.ß.ß.ß~~,#...ß


You could see an eight-headed hydra, a four-headed hydra, a swamp dragon
(catching breath), a ghost crab and a bog body.

Vanquished Creatures
  Kirke (Lair:4)
  A broodmother (Swamp:3)
  A bunyip (Swamp:3)
  The ghost of Kemen the End of an Era, a journeyman HOFi of Qazlal (Orc:1)
  2 fire dragons
  A shambling mangrove (Swamp:4)
  An entropy weaver (Gauntlet)
  17 hydras
  8 alligators
  An ice dragon (D:15)
  Erolcha (D:13)
  A catoblepas (D:13)
  2 centaur warriors (D:15)
  4 ghost crabs
  9 boulder beetles
  2 two-headed ogres
  An orc high priest (Orc:2)
  Urug (D:10)
  Sonja (Orc:2)
  A spriggan berserker (Swamp:4)
  4 death yaks
  A deep elf knight (D:14)
  Amaemon (Lair:2)
  A pharaoh ant (Lair:2)
  A skyshark (Lair:5)
  A skeletal warrior (D:14)
  A deep troll (Lair:1)
  3 goliath frogs
  11 bog bodies
  An arcanist (Gauntlet)
  11 swamp dragons
  A spriggan druid (Swamp:2)
  An orc knight (Orc:2)
  4 deep elf pyromancers (D:14)
  3 ugly things
  A wolf spider (Gauntlet)
  4 manticores
  An orc sorcerer (Orc:2)
  An elephant (shapeshifter) (D:9)
  6 will-o-the-wisps
  3 meliai (D:14)
  3 oklob plants
  2 kobold blastminers
  7 cyclopes
  12 slime creatures
  A rust devil (Orc:2)
  An orange demon (Lair:2)
  2 molten gargoyles (Lair:5)
  5 black mambas (Lair:5)
  4 centaur skeletons (D:14)
  4 gargoyles
  A torpor snail (Lair:1)
  Joseph (D:9)
  4 cane toads
  2 unseen horrors (D:12)
  A yaktaur (D:15)
  4 rime drakes
  5 komodo dragons
  A red devil (Swamp:3)
  2 trolls
  2 polar bears (D:10)
  5 tyrant leeches
  7 blink frogs
  13 hornets
  8 spriggans
  5 shadows
  30 yaks
  3 basilisks
  7 wyverns
  A redback (Gauntlet)
  Grum (D:8)
  4 wargs
  3 steam dragons
  28 vampire mosquitoes
  8 swamp worms
  An acid dragon (D:11)
  15 water moccasins
  2 hell hounds (Lair:5)
  11 orc warriors
  12 swamp drakes
  2 ice beasts
  2 black bears
  A crocodile (Lair:2)
  A sky beast (D:8)
  3 boggarts (D:14)
  6 ogres
  8 wolves
  7 centaurs
  2 phantoms (D:6)
  4 kobold brigands
  Blork the orc (D:4)
  14 bullfrogs
  A brain worm (D:8)
  5 gnoll sergeants
  2 scorpions (Lair:2)
  4 wights (D:5)
  9 killer bees
  3 electric eels
  4 crimson imps (D:10)
  A howler monkey (D:6)
  A bombardier beetle (D:6)
  8 lava snakes
  3 hounds
  6 orc priests
  2 jellies
  A sleepcap (D:8)
  2 gnoll boudas
  2 iguanas
  8 orc wizards
  Terence (D:3)
  A hound zombie (D:3)
  27 gnolls
  11 adders
  3 shadow imps
  4 white imps
  2 ufetubi (D:6)
  An adder zombie (D:3)
  2 ribbon worms (D:2)
  2 dart slugs
  33 orcs
  8 endoplasms
  2 giant cockroaches
  5 goblins
  8 hobgoblins
  2 quokkas (D:2)
  7 ball pythons
  A ball python zombie (D:3)
  5 bats
  4 frilled lizards (D:2)
  18 kobolds
  8 rats
614 creatures vanquished.

Vanquished Creatures (collateral kills)
  A fenstrider witch (Swamp:1)
  The ghost of Dorkslayer the Victor of a Thousand Battles, a journeyman MDFi of Okawaru (Swamp:1)
  A minotaur (Gauntlet)
  2 bunyips
  A shambling mangrove (Swamp:3)
  2 hydras
  A ghost crab (Swamp:3)
  2 demonspawn (Orc:2)
  An alligator (Swamp:1)
  A centaur warrior (D:14)
  A two-headed ogre (D:14)
  A boulder beetle (Lair:4)
  2 orc high priests (Orc:2)
  6 death yaks
  A tengu warrior (D:9)
  A goliath frog (Swamp:1)
  A swamp dragon (Swamp:1)
  An orc apostle (D:11)
  A lindwurm (Lair:5)
  A bog body (Lair:3)
  2 orc knights (Orc:2)
  An ugly thing (D:13)
  4 orc sorcerers (Orc:2)
  A cyclops (D:14)
  2 will-o-the-wisps (Swamp:3)
  3 black mambas
  A kobold blastminer (Orc:1)
  A molten gargoyle (Lair:5)
  2 rust devils (Orc:2)
  A cane toad (Lair:1)
  An eye of devastation (Lair:5)
  A rime drake (Lair:3)
  6 komodo dragons
  An ice devil (Orc:2)
  A red devil (Swamp:3)
  Psyche (D:10)
  A troll (D:13)
  4 hornets
  9 blink frogs
  A jumping spider (Gauntlet)
  2 slime creatures (D:15)
  2 spriggans
  16 yaks
  A wyvern (D:9)
  3 basilisks
  5 vampire mosquitoes
  A chaos spawn (Orc:2)
  2 wargs (Orc:1)
  A redback (Lair:2)
  4 swamp worms
  2 hell hounds (Lair:5)
  3 water moccasins
  A swamp drake (D:11)
  An ogre (Orc:2)
  7 orc warriors
  3 wolves
  A centaur (D:9)
  2 boggarts (D:14)
  4 bullfrogs
  A scorpion (Lair:2)
  4 electric eels (Lair:3)
  3 lava snakes
  2 orc wizards
  4 hell rats (Lair:5)
  3 orcs
151 creatures vanquished.

Vanquished Creatures (others)
  An orc high priest (Orc:2)
  10 orc apostles
  2 orc knights (Orc:2)
  An orc sorcerer (Orc:2)
  2 bloated husks
  A human (Lair:4)
  8 orc warriors (Orc:2)
  A swamp drake (Swamp:4)
  A centaur (D:14)
  2 bullfrogs (Lair:4)
  7 orc priests
  3 orc wizards (Orc:1)
  10 orcs
  15 foxfires
64 creatures vanquished.

Grand Total: 829 creatures vanquished

Notes
Turn   | Place    | Note
-------+----------+-------------------------------------------
     0 | D:1      | edsrzf the Coglin Gladiator began the quest for the Orb.
     0 | D:1      | Reached XP level 1. HP: 16/16 MP: 1/1
     7 | D:1      | Found a runed translucent door.
    80 | D:1      | Reached XP level 2. HP: 14/22 MP: 2/2
   495 | D:2      | Reached skill level 4 in Long Blades
   550 | D:2      | Reached XP level 3. HP: 22/27 MP: 3/3
  1001 | D:2      | Reached XP level 4. HP: 19/33 MP: 4/4
  1129 | D:2      | Reached skill level 5 in Long Blades
  1813 | D:3      | Identified 7 potions of curing
  1816 | D:3      | Identified 2 potions of brilliance
  1817 | D:3      | Identified a potion of might
  1820 | D:3      | Reached XP level 5. HP: 18/38 MP: 5/5
  1836 | D:3      | Found a basalt altar of Yredelemnul.
  1943 | D:3      | Noticed Terence
  1956 | D:3      | Killed Terence
  2037 | D:3      | Reached skill level 6 in Long Blades
  2106 | D:4      | Noticed Blork the orc
  2112 | D:4      | Noticed a water moccasin
  2117 | D:4      | Killed Blork the orc
  2118 | D:4      | Reached XP level 6. HP: 30/44 MP: 6/6
  2123 | D:4      | Identified 2 scrolls of blinking
  2124 | D:4      | Identified 2 scrolls of identify
  2124 | D:4      | Identified 2 scrolls of teleportation
  2227 | D:4      | You fall into a shaft and drop 1 floor!
  2227 | D:5      | Entered Level 5 of the Dungeon
  2234 | D:4      | Identified a potion of haste
  2526 | D:4      | Reached skill level 7 in Long Blades
  2604 | D:4      | Identified a potion of enlightenment
  2914 | D:4      | Killed a water moccasin
  2915 | D:4      | Reached XP level 7. HP: 43/50 MP: 7/7
  3288 | D:5      | Reached skill level 8 in Long Blades
  4041 | D:5      | Reached skill level 9 in Long Blades
  4046 | D:5      | Reached XP level 8. HP: 54/56 MP: 8/8
  4288 | D:6      | Became a worshipper of Beogh the Shepherd
  4298 | D:6      | Reached skill level 10 in Long Blades
  4777 | D:6      | Reached skill level 11 in Long Blades
  4946 | D:6      | Found a staircase to the Ecumenical Temple.
  5269 | D:7      | Reached XP level 9. HP: 58/61 MP: 9/9
  5636 | D:7      | Reached skill level 12 in Long Blades
  6176 | D:8      | Noticed a cyclops
  6184 | D:8      | Killed a cyclops
  6192 | D:8      | Found a hide-covered altar of Uskayaw.
  6194 | D:8      | Noticed Maurice
  6210 | D:8      | Maurice changed into Maurice the brain worm
  6210 | D:8      | Noticed Maurice
  6214 | D:8      | Killed Maurice the brain worm
  6259 | D:8      | Noticed a komodo dragon
  6274 | D:8      | Killed a komodo dragon
  6274 | D:8      | Reached * piety under Beogh
  6275 | D:8      | Reached skill level 13 in Long Blades
  6527 | D:8      | Noticed a two-headed ogre
  6537 | D:8      | Killed a two-headed ogre
  6538 | D:8      | Reached skill level 14 in Long Blades
  6538 | D:8      | Reached XP level 10. HP: 67/67 MP: 10/10
  6553 | D:8      | Noticed Grum
  6576 | D:8      | Killed Grum
  6815 | D:8      | Identified a potion of heal wounds
  7008 | D:8      | Found a sacrificial altar of Ru.
  7033 | D:9      | Noticed Joseph
  7193 | D:9      | Killed Joseph
  7194 | D:9      | Reached skill level 1 in Armour
  7294 | D:9      | Reached skill level 3 in Fighting
  7302 | D:9      | Reached skill level 2 in Armour
  7392 | D:9      | a spriggan changed into an elephant
  7392 | D:9      | Noticed an elephant (shapeshifter)
  7423 | D:9      | Reached skill level 4 in Fighting
  7423 | D:9      | Reached skill level 3 in Armour
  7433 | D:9      | Killed an elephant
  7828 | D:9      | Reached ** piety under Beogh
  7831 | D:9      | Reached skill level 5 in Fighting
  7831 | D:9      | Reached skill level 4 in Armour
  7864 | D:9      | Noticed a boulder beetle
  7875 | D:9      | Killed a boulder beetle
  8000 | D:9      | Reached XP level 11. HP: 79/81 MP: 11/11
  8076 | D:9      | Reached skill level 6 in Fighting
  8076 | D:9      | Reached skill level 5 in Armour
  8133 | D:9      | Found a staircase to the Orcish Mines.
  8534 | D:9      | Noticed a cyclops
  8570 | D:9      | Killed a cyclops
  8802 | D:9      | Found the +9 staff of Olgreb {rPois∞}
  8819 | D:9      | Reached skill level 7 in Fighting
  8819 | D:9      | Reached skill level 6 in Armour
  8830 | D:9      | Noticed a white ugly thing
  8830 | D:9      | Noticed a red ugly thing
  8832 | D:9      | Identified a potion of mutation
  8879 | D:10     | Entered Level 10 of the Dungeon
  9078 | D:10     | Found a snail-covered altar of Cheibriados.
  9117 | D:10     | Found a staircase to the Lair.
  9124 | D:10     | Noticed an oklob plant
  9146 | D:10     | Noticed a two-headed ogre
  9159 | D:10     | Killed a two-headed ogre
  9356 | D:10     | Found a bloodstained altar of Trog.
  9552 | D:10     | Noticed Urug
  9574 | D:10     | Killed Urug
  9575 | D:10     | Reached skill level 8 in Fighting
  9736 | D:10     | Reached skill level 7 in Armour
  9754 | D:10     | Reached *** piety under Beogh
  9781 | D:10     | Identified the +10 dire flail of Luyskiucw {chaos, rF+++
                  | Dex+2}
  9781 | D:10     | Identified the +4 chain mail of the Harp {+Blink rElec
                  | Dex-5}
  9806 | D:10     | Anointed Boderik the warrior as your apostle
 10090 | D:10     | Noticed Psyche
 10099 | D:10     | Killed Psyche
 10100 | D:10     | Reached skill level 3 in Dodging
 10154 | D:10     | Found a portal to a secret trove of treasure.
 10294 | D:9      | Killed a white ugly thing
 10322 | D:9      | Identified the +1 rapier "Grim Tooth" {drain, rElec Int+3}
 10347 | D:9      | Noticed a tengu warrior
 10354 | D:9      | Killed a tengu warrior
 10355 | D:9      | Reached skill level 4 in Dodging
 10409 | D:9      | Killed a white ugly thing
 10522 | D:9      | Found a transporter.
 10522 | D:9      | Found Pytirhex's Jewellery Shoppe.
 10541 | D:9      | Found a transporter.
 10669 | D:9      | Reached skill level 9 in Fighting
 10696 | D:9      | Identified a scroll of noise
 10697 | D:9      | Identified a scroll of enchant armour
 10800 | D:10     | Killed an oklob plant
 10801 | D:10     | Reached XP level 12. HP: 95/95 MP: 12/12
 10805 | Lair:1   | Entered Level 1 of the Lair of Beasts
 10830 | Lair:1   | Reached skill level 5 in Dodging
 10867 | Lair:1   | Identified the +6 war axe of Fedhas's Wrath {elec, Fly rF++
                  | Will- Dex+3}
 10867 | Lair:1   | Noticed Geork
 10880 | Lair:1   | Anointed Geork the priest as your apostle
 11009 | Lair:1   | Noticed a death yak
 11011 | Lair:1   | Noticed a death yak
 11014 | Lair:1   | Noticed a death yak
 11014 | Lair:1   | Noticed a death yak
 11016 | Lair:1   | Killed a death yak
 11022 | Lair:1   | Killed a death yak
 11026 | Lair:1   | Your ally Geork died
 11027 | Lair:1   | Reached skill level 6 in Dodging
 11032 | Lair:1   | Killed a death yak
 11033 | Lair:1   | Reached skill level 10 in Fighting
 11035 | Lair:1   | Killed a death yak
 11123 | Lair:1   | Identified the +7 long sword of Fiew {flame, rN+ Str+2}
 11274 | Lair:1   | Reached skill level 7 in Dodging
 11283 | Lair:1   | Reached skill level 1 in Invocations
 11432 | Lair:1   | Identified the +2 ring mail of Erusown {^Drain rElec rPois
                  | Dex+3}
 11463 | Lair:1   | Reached skill level 11 in Fighting
 11583 | Lair:1   | Noticed a death yak
 11588 | Lair:1   | Reached skill level 2 in Invocations
 11596 | Lair:1   | Killed a death yak
 11602 | Lair:1   | Reached **** piety under Beogh
 12082 | Lair:1   | Reached skill level 3 in Invocations
 12163 | Lair:2   | Found a hole to the Spider Nest.
 12171 | Lair:2   | Reached XP level 13. HP: 66/106 MP: 15/15
 12238 | Lair:2   | Noticed Maggie
 12240 | Lair:2   | Maggie changed into Maggie the crocodile
 12240 | Lair:2   | Noticed Maggie
 12245 | Lair:2   | Killed Maggie the crocodile
 12293 | Lair:2   | Reached skill level 4 in Invocations
 12329 | Lair:2   | Identified a scroll of butterflies
 12332 | Lair:2   | Noticed Amaemon
 12347 | Lair:2   | Killed Amaemon
 12348 | Lair:2   | Reached skill level 12 in Fighting
 12764 | Lair:3   | Identified 3 scrolls of revelation
 12801 | Lair:3   | Reached skill level 5 in Invocations
 12803 | Lair:3   | Found a gate leading to a gauntlet.
 12815 | Gauntlet | Entered a Gauntlet
 12815 | Gauntlet | Found a transporter.
 12825 | Gauntlet | Found a transporter.
 12841 | Gauntlet | Found a transporter.
 12846 | Gauntlet | Noticed an entropy weaver
 12849 | Gauntlet | Found a transporter.
 12869 | Gauntlet | Found a transporter.
 12882 | Gauntlet | Found the +6 arbalest "Damnation" {damnation}
 12883 | Gauntlet | Found a transporter.
 12895 | Gauntlet | Found a transporter.
 12895 | Gauntlet | Noticed a dire elephant
 12902 | Gauntlet | Found a transporter.
 12902 | Gauntlet | Found a transporter.
 12925 | Gauntlet | Found a transporter.
 12930 | Gauntlet | Found a transporter.
 12934 | Gauntlet | Found a transporter.
 12955 | Gauntlet | Found a transporter.
 12957 | Gauntlet | Noticed a blizzard demon
 12960 | Gauntlet | Found a transporter.
 12962 | Gauntlet | Found a transporter.
 12985 | Gauntlet | Found a transporter.
 12985 | Gauntlet | Noticed a reaper
 12990 | Gauntlet | Found a transporter.
 13039 | Gauntlet | Found a transporter.
 13173 | Gauntlet | Killed an entropy weaver
 13186 | Gauntlet | Identified the ring "Kanaf" {Wiz rPois Dex+5}
 13205 | Gauntlet | Identified the +7 flail of the Sharp God {protect, Stlth+}
 13205 | Gauntlet | Identified the +2 shortbow of Maqinazu {freeze, Fly rF+
                  | Str+3 Dex+2}
 13205 | Gauntlet | Identified the amulet of Vorep {Spirit Str+4}
 13205 | Gauntlet | Noticed a minotaur
 13216 | Gauntlet | Killed a minotaur
 13220 | Gauntlet | Identified the maw talisman of Midnight {Str+3}
 13251 | Gauntlet | Identified 4 scrolls of brand weapon
 13252 | Gauntlet | Identified 3 scrolls of immolation
 13253 | Gauntlet | Identified 2 scrolls of amnesia
 13254 | Gauntlet | Identified 3 scrolls of vulnerability
 13255 | Gauntlet | Identified 2 scrolls of poison
 13272 | Gauntlet | Identified 2 scrolls of fog
 13411 | Lair:3   | Reached skill level 6 in Invocations
 13441 | Lair:3   | Reached skill level 13 in Fighting
 13452 | Lair:3   | Identified the +5 trident "Kampucad" {freeze, rF+}
 13464 | Lair:3   | Anointed Borgk the priest as your apostle
 13638 | Lair:3   | Reached ***** piety under Beogh
 13952 | Lair:3   | Found a staircase to the Swamp.
 14096 | Lair:4   | Identified a potion of resistance
 14097 | Lair:4   | Identified 2 potions of invisibility
 14098 | Lair:4   | Identified 2 potions of cancellation
 14230 | Lair:4   | Identified the +1 robe of Gallantry {rPois Dex+2}
 14286 | Lair:4   | Noticed Kirke
 14301 | Lair:4   | Noticed a sphinx
 14302 | Lair:4   | Killed Kirke
 14303 | Lair:4   | Reached skill level 7 in Invocations
 14454 | Lair:4   | Found a viscous altar of Jiyva.
 14454 | Lair:4   | Found a staircase to the Slime Pits.
 14457 | Lair:4   | Reached XP level 14. HP: 119/119 MP: 19/19
 14569 | Lair:4   | Identified a potion of attraction
 14969 | Lair:5   | Entered Level 5 of the Lair of Beasts
 15011 | Lair:5   | Upgraded the game from 0.32-a0-450-g080537f to
                  | 0.32-a0-456-gf15d296
 15018 | Lair:5   | Identified the +1 pair of gloves of Conscience {Str+3}
 15063 | Lair:5   | Reached skill level 14 in Fighting
 15135 | Lair:5   | Reached skill level 15 in Long Blades
 15178 | Lair:5   | Your ally Boderik died
 15332 | Lair:5   | Found a large runed translucent door.
 15332 | Lair:5   | Found a large runed translucent door.
 15478 | Lair:5   | Reached skill level 15 in Fighting
 15488 | Lair:5   | Identified the +7 war axe of the Unliving {freeze, rN+
                  | Will+ Dex+2 Stlth-}
 15504 | Lair:5   | Upgraded the game from 0.32-a0-456-gf15d296 to
                  | 0.32-a0-462-ga46d8fb
 15685 | Lair:5   | Reached skill level 1 in Evocations
 16346 | D:11     | Reached skill level 2 in Evocations
 16359 | D:11     | Your ally Geork died
 16360 | D:11     | Reached skill level 16 in Long Blades
 16457 | D:11     | Reached skill level 3 in Evocations
 16564 | D:11     | Reached ****** piety under Beogh
 16976 | D:12     | Your ally Boderik died
 17104 | D:12     | Reached skill level 4 in Evocations
 17246 | D:12     | Reached skill level 5 in Evocations
 17803 | D:13     | Noticed Erolcha
 17809 | D:13     | Killed Erolcha
 17810 | D:13     | Reached skill level 6 in Evocations
 17810 | D:13     | Reached XP level 15. HP: 95/129 MP: 20/20
 17850 | D:13     | Reached skill level 8 in Armour
 18211 | D:13     | Reached skill level 7 in Evocations
 18630 | D:14     | Reached skill level 8 in Evocations
 18753 | D:14     | Reached skill level 9 in Armour
 18931 | D:14     | Your ally Geork died
 18959 | D:14     | Reached skill level 8 in Dodging
 19047 | D:14     | Found a gate to the Vaults.
 19350 | D:15     | Entered Level 15 of the Dungeon
 19750 | D:15     | Found a runed translucent gate.
 19750 | D:15     | Found a runed translucent gate.
 19750 | D:15     | Found a runed translucent gate.
 19754 | D:15     | Noticed a frost giant
 19754 | D:15     | Noticed Ray's ghost (adept CoBe)
 19862 | D:15     | Found a staircase to the Depths.
 19869 | D:15     | Reached skill level 10 in Armour
 20100 | D:15     | Found an iron altar of Okawaru.
 20228 | Orc:1    | Entered Level 1 of the Orcish Mines
 20502 | Orc:2    | Entered Level 2 of the Orcish Mines
 20677 | Orc:1    | Found a runed translucent door.
 20677 | Orc:1    | Noticed Kemen's ghost (journeyman HOFi)
 20695 | Orc:1    | Killed Kemen's ghost
 20783 | Orc:2    | Found a staircase to the Elven Halls.
 20785 | Orc:2    | Noticed Sonja
 20790 | Orc:2    | Killed Sonja
 20888 | Orc:2    | Found a roughly hewn altar of Beogh.
 20890 | Orc:2    | Reached skill level 9 in Dodging
 21186 | Orc:2    | Found Anankuli's General Store.
 21191 | Orc:2    | Found Moxikh's Distillery.
 21223 | Orc:2    | Bought a potion of degeneration for 15 gold pieces
 21306 | Orc:2    | Reached XP level 16. HP: 136/136 MP: 21/21
 21346 | Orc:2    | Found Sires's Antique Weapon Shop.
 21346 | Orc:2    | Found a one-way gate leading to the halls of Pandemonium.
 21346 | Orc:2    | Found Miarrasi's Book Boutique.
 21384 | Orc:2    | Bought a manual of Fighting for 1040 gold pieces
 21386 | Orc:2    | Bought a shimmering long sword for 323 gold pieces
 21386 | Orc:2    | Identified the +7 long sword "Loomec" {flame, Int+5} (You
                  | bought it in a shop on level 2 of the Orcish Mines)
 21542 | D:9      | Upgraded the game from 0.32-a0-462-ga46d8fb to
                  | 0.32-a0-468-g38b2580
 21687 | Swamp:1  | Entered Level 1 of the Swamp
 21698 | Swamp:1  | Reached skill level 11 in Armour
 21738 | Lair:3   | Reached skill level 10 in Dodging
 21838 | Swamp:1  | Your ally Geork died
 21941 | Swamp:1  | Noticed a fenstrider witch
 21945 | Swamp:1  | Paralysed by a fenstrider witch for 2 turns
 21952 | Swamp:1  | Killed a fenstrider witch
 22400 | Swamp:1  | Found a runed translucent door.
 22405 | Swamp:1  | Noticed Dorkslayer's ghost (journeyman MDFi)
 22421 | Swamp:1  | Killed Dorkslayer's ghost
 22592 | Swamp:2  | Your ally Borgk died
 22599 | Swamp:2  | Reached skill level 16 in Fighting
 22614 | Swamp:2  | Your ally Geork died
 23286 | Swamp:3  | Reached skill level 17 in Fighting
 23359 | Swamp:3  | Paralysed by a hornet for 1 turns
 23704 | Swamp:3  | Reached skill level 18 in Fighting
 23924 | Swamp:3  | Reached skill level 19 in Fighting
 23966 | Swamp:3  | Your ally Borgk died
 23982 | Swamp:3  | Your ally Geork died
 24070 | Swamp:3  | Reached XP level 17. HP: 153/153 MP: 22/22
 24425 | Swamp:4  | Entered Level 4 of the Swamp
 24553 | Swamp:4  | Your ally Boderik died
 24559 | Swamp:4  | Reached skill level 20 in Fighting
 24626 | Swamp:4  | Upgraded the game from 0.32-a0-468-g38b2580 to
                  | 0.32-a0-471-gb91d5d9
 24736 | Swamp:4  | Reached skill level 12 in Armour
 24736 | Swamp:4  | Noticed the 27-headed Lernaean hydra
 24943 | Swamp:4  | Paralysed by a hornet for 2 turns
 24956 | Swamp:4  | HP: 5/155 [polar bear[a spriggan berserker] (22)]
 24956 | Swamp:4  | HP: 2/155 [polar bear[a spriggan berserker] (3)]
 25268 | Swamp:4  | Killed from afar by a bog body

Illustrated notes

Levels and vault maps discovered:
D:1:      dpeg_arrival_caged_fury, layout_rooms, nrook_loot_triangle
D:2:      layout_basic, minmay_between
D:3:      layout_basic, nicolae_yredelemnul_corpse_copse, uniq_terence
D:4:      layout_cave_pods, uniq_blork_the_orc
D:5:      layout_loops_ring, roderic_lattice_a
D:6:      layout_loops_cross, minmay_temple_entry_statues_pillars,
          serial_library_hellmonk_filled_rooms, grunt_ministairs_6
D:7:      layout_loops_corners
D:8:      layout_cave_pools, eat_drink_and_be_merry_uskayaw,
          nicolae_ru_path_of_blood, uniq_maurice, uniq_grum
D:9:      minmay_the_grid_octo_triangle [minmay_the_grid_octo_concentric,
          minmay_the_grid_octo_prize_ultimate_mussel_roller,
          minmay_the_grid_octo_clover_2], layout_irregular_city,
          david_orc_1_choice, serial_shops, nicolae_shop_drivethru, uniq_joseph
D:10:     layout_rooms, trog_ov_bears_minmay, mainiacjoe_overflow_paths,
          dpeg_oklobed_lair, nicolae_trove_entry_isolated,
          minmay_fire_ice_demons, uniq_urug, uniq_psyche
D:11:     layout_loops_ring, pond
D:12:     layout_rooms
D:13:     layout_small_grid, uniq_erolcha
D:14:     layout_rooms, hangedman_vaults_entry_quadrant_bands,
          minmay_tree_intersection, kennysheep_dice
D:15:     grunt_enter_depths_hoard, layout_long_grid,
          gammafunk_ghost_fury_of_okawaru
Lair:1:   dreamdust_cave_troll, layout_regular_city, serial_bayou_shore_a
Lair:2:   layout_big_grid, nicolae_spider_entry_lesser_pyramids,
          grunt_forest_stairs_basic, st_stairs_5, minivault_24, uniq_maggie,
          uniq_amaemon
Lair:3:   layout_gridlike, nicolae_swamp_entry_splash_gauntlet,
          gauntlet_entry_generic, nicolae_lair_liquid_snakes
Lair:4:   layout_hall_layers, slime_entry_1, grunt_megastairs_3, uniq_kirke
Lair:5:   cheibrodos_lair_end_hotspot, layout_gridlike,
          eino_small_chamber_without_monster
Swamp:1:  layout_basic_swamp, ebering_ghost_reflecting_pool,
          evilmike_swamp_ruin_house_5, swamp_pool_1_2
Swamp:2:  layout_basic_swamp, evilmike_swamp_ruin_rubble_2
Swamp:3:  layout_basic_swamp, evilmike_swamp_ruin_house_4, swamp_pool_1_2,
          nicolae_swamp_big_swirl, st_swamp_ruins_4
Swamp:4:  grunt_swamp_rune_castle, layout_basic_swamp
Orc:1:    layout_caves, ebering_ghost_inner_flame, nooodl_orcs_dogs
Orc:2:    pf_orc_diabolical, layout_caves, basic_altar, uniq_sonja

Skill      XL: |  1  2  3  4  5  6  7  8  9 10 11 12 13 14 15 16 17 |
---------------+----------------------------------------------------+-----
Long Blades    | 4 5 6 7 9 11 14 16 | 16.0
Armour         | 4 7 10 11 12 | 12.3
Fighting       | 5 9 11 13 15 19 20 | 20.4
Dodging        | 4 7 9 10 | 10.5
Invocations    | 3 7 |  7.1
Evocations     | 6 8 |  8.1
Throwing       | |  1.7

Action                     |  1- 3 |  4- 6 |  7- 9 | 10-12 | 13-15 | 16-18 || total
---------------------------+-------+-------+-------+-------+-------+-------++-------
  Melee: Long sword        |    92 |   142 |   180 |   395 |   686 |   629 ||  2124
         Falchion          |       |    33 |   165 |   380 |   648 |    15 ||  1241
         Unarmed           |       |     9 |       |     1 |       |       ||    10
  Throw: Throwing net      |       |     2 |     1 |     5 |     4 |       ||    12
         Javelin           |       |     1 |       |     1 |       |       ||     2
         Dart              |       |       |     7 |    34 |    14 |     7 ||    62
 Invoke: Convert to Beogh  |       |       |     1 |       |       |       ||     1
         Recruit Apostle   |       |       |       |     2 |     1 |       ||     3
         Recall Apostles   |       |       |       |     1 |     8 |     4 ||    13
         Smiting           |       |       |       |       |     2 |     7 ||     9
  Evoke: Wand              |       |       |     2 |     1 |    10 |       ||    13
         Lightning rod     |       |       |       |       |     1 |     1 ||     2
         Box of beasts     |       |       |       |       |       |     1 ||     1
    Use: Potion            |       |     6 |       |     6 |     6 |     9 ||    27
         Scroll            |       |     5 |       |     8 |    18 |     9 ||    40
   Stab: Sleeping          |       |     2 |       |       |       |       ||     2
         Held in net/web   |       |       |     1 |     7 |     1 |       ||     9
         Confused          |       |       |       |     4 |     2 |       ||     6
         Paralysed         |       |       |       |     4 |       |       ||     4
         Distracted        |       |       |       |     3 |     3 |     3 ||     9
 Armour: Leather armour    |    43 |    84 |    86 |    24 |       |       ||   237
         Skin              |       |     2 |       |     1 |       |       ||     3
         Scale mail        |       |       |       |   210 |   468 |    16 ||   694
         Chain mail        |       |       |       |       |       |   479 ||   479
  Dodge: Dodged            |    60 |   102 |    65 |   149 |   309 |   252 ||   937

Table legend: (Time is in decaauts)
 A = Elapsed time spent in this place.
 B = Non-inter-level travel time spent in this place.
 C = Inter-level travel time spent in this place.
 D = Time resting spent in this place.
 E = Time spent auto-exploring this place.
 F = Levels seen in this place.
 G = Mean time per level.
                   A        B        C        D        E       F      G
               +--------+--------+--------+--------+--------+-----+--------+
         Total |  24687 |  23648 |   1039 |   4241 |  14231 |  27 |  914.3 |
       Dungeon |  14556 |  13999 |    557 |   2596 |   8739 |  15 |  970.4 |
          Lair |   4993 |   4643 |    350 |    512 |   3211 |   5 |  998.6 |
         Swamp |   3388 |   3335 |     53 |   1012 |   1531 |   4 |  847.0 |
  Orcish Mines |   1280 |   1203 |     77 |    100 |    750 |   2 |  640.0 |
      Gauntlet |    467 |    467 |      0 |     21 |      0 |   1 |  467.0 |
               +--------+--------+--------+--------+--------+-----+--------+

Top non-repeatable levels by time:
     D:9: 2177 daAuts
    D:10: 1424 daAuts
  Lair:1: 1338 daAuts
     D:4: 1147 daAuts
  Lair:5: 1116 daAuts
     D:2: 1074 daAuts
 Swamp:3: 993 daAuts
     D:5: 992 daAuts
     D:8: 984 daAuts
  Lair:3: 973 daAuts
     D:6: 960 daAuts
     D:7: 937 daAuts
    D:14: 920 daAuts
  Lair:4: 906 daAuts
 Swamp:2: 883 daAuts
